 Dungeon Crawl Stone Soup version 0.23.2-1-ga50397a (webtiles) character file.

Game seed: 15653066901104073629

96 Gazerockf the Sneak (level 4, -2/38 HPs)
             Began as a Ghoul Berserker on May 25, 2019.
             Was a Believer of Trog.
             Killed from afar by an orc wizard (6 damage)
             ... with a magic dart
             ... on level 3 of the Dungeon.
             The game lasted 00:04:51 (1674 turns).

Gazerockf the Sneak (Ghoul Berserker)               Turns: 1674, Time: 00:04:52

Health: -2/38      AC:  3    Str: 19    XL:     4   Next: 67%
Magic:  3/3        EV: 12    Int:  3    God:    Trog [**....]
Gold:   98         SH:  0    Dex:  9    Spells: 3/3 levels left

rFire    + . .     SeeInvis .     - Unarmed
rCold    . . .     Gourm    .   (no shield)
rNeg     + + +     Faith    .   a - +0 animal skin
rPois    ∞         Spirit   .   j - +0 helmet
rElec    .         Reflect  .   (no cloak)
rCorr    .         Harm     .   (no gloves)
MR       ++...                  (no boots)
Stlth    +++.......             (no amulet)
HPRegen  1.00/turn              n - ring of fire
MPRegen  0.08/turn              (no ring)

@: regenerating, rotting, slowed, very slow
A: rotting body, claws 1, carnivore, cold resistance 1, negative energy
resistance 3, inhibited regeneration, torment resistance, unbreathing
a: Trog's Hand, Renounce Religion


You were on level 3 of the Dungeon.
You worshipped Trog.
Trog was pleased with you.
You were not hungry.

You visited 1 branch of the dungeon, and saw 3 of its levels.

You collected 98 gold pieces.

Inventory:

Hand Weapons
 c - a +3 dagger of venom
Armour
 a - a +0 animal skin (worn)
 j - a +0 helmet (worn)
Jewellery
 n - a ring of fire (left claw)
Scrolls
 d - 3 scrolls of fog
 e - a scroll of remove curse
 f - 2 scrolls of teleportation
 g - a scroll of magic mapping {unknown}
 h - a scroll of blinking
Potions
 i - a potion of heal wounds {unknown}
 k - 2 potions of degeneration {unknown}
 l - a potion of mutation {unknown}
Comestibles
 b - 3 rations
 m - a chunk of flesh


   Skills:
 - Level 3.2 Fighting
 - Level 1.7 Armour
 - Level 1.7 Dodging
 + Level 5.0 Stealth
 - Level 3.2 Unarmed Combat


You had 3 spell levels left.
You didn't know any spells.
Your spell library was empty.

Dungeon Overview and Level Annotations

Branches:
Dungeon (3/15)

Altars:
Dithmenos


Innate Abilities, Weirdness & Mutations

Your body is rotting away.
You thrive on raw meat.
You are immune to poison.
You have sharp fingernails.
You are carnivorous and can eat meat at any time.
Your flesh is cold resistant. (rC+)
You are immune to negative energy. (rN+++)
You do not regenerate when monsters are visible.
You are immune to unholy pain and torment.
You can survive without breathing.


Message History

Trog accepts your kill.
You feel the effects of Trog's Hand fading.
The goblin hits you but does no damage.
You scratch the goblin.
You kill the goblin!
Trog accepts your kill.
The orc wizard points at you and mumbles some strange words.
The magic dart hits you! The orc wizard casts a spell at you.
The magic dart hits you.
* * * LOW HITPOINT WARNING * * *
The orc wizard misses you.
The orc wizard hits you with a +2 dagger of venom.
* * * LOW HITPOINT WARNING * * *
Items here: $ ( ))) ? [
Okay, then.
You scratch the orc wizard but do no damage.
The orc wizard gestures at you while chanting.
The magic dart hits you.
You die...

#.# #.#
#.# #.#
#.# #.#
#.######
#o##...##
#@#.....#
#)......#
###.....#
##...##
##.## #.#
#.########
#.<.......
##########


You could see an orc wizard.

Vanquished Creatures
  An orc wizard (D:3)
  An adder (D:2)
  An ooze (D:2)
  A worm (D:2)
  A dart slug (D:1)
  2 leopard geckos
  2 orcs (D:3)
  A ball python (D:2)
  6 bats
  A giant cockroach (D:1)
  7 goblins
  4 hobgoblins
  2 jackals (D:2)
  4 kobolds
  A quokka (D:2)
  5 frilled lizards
  5 rats
45 creatures vanquished.

Notes
Turn   | Place    | Note
-------+----------+-------------------------------------------
     0 | D:1      | Gazerockf the Ghoul Berserker began the quest for the Orb.
     0 | D:1      | Reached XP level 1. HP: 19/19 MP: 0/0
   237 | D:1      | Reached skill level 1 in Stealth
   297 | D:1      | Reached XP level 2. HP: 24/25 MP: 1/1
   391 | D:1      | Reached skill level 2 in Stealth
  1089 | D:2      | Reached skill level 3 in Stealth
  1118 | D:2      | Found a shadowy altar of Dithmenos.
  1122 | D:2      | Reached XP level 3. HP: 31/31 MP: 2/2
  1213 | D:2      | Found a faded altar of an unknown god.
  1218 | D:2      | Reached ** piety under Trog
  1324 | D:2      | Reached skill level 4 in Stealth
  1491 | D:2      | Reached XP level 4. HP: 28/38 MP: 3/3
  1667 | D:3      | Reached skill level 5 in Stealth
  1674 | D:3      | Killed from afar by an orc wizard

Skill      XL: |  1  2  3  4 |
---------------+-------------+-----
Stealth        | 1 3 4 5 |  5.0
Fighting       | |  3.2
Armour         | |  1.7
Dodging        | |  1.7
Unarmed Combat | |  3.2

Action                   |  1- 3 |  4- 6 || total
-------------------------+-------+-------++-------
Melee: Unarmed           |   100 |    28 ||   128
       Punch             |     1 |       ||     1
Invok: Trog's Hand       |       |     2 ||     2
  Use: Scroll            |     6 |       ||     6
 Stab: Sleeping          |     3 |       ||     3
  Eat: Chunk             |    20 |     1 ||    21
Armor: Animal skin       |    28 |     5 ||    33
Dodge: Dodged            |    55 |    17 ||    72
